General information
- name: BNet
- type: Ladder team game (AT/RT)
- host: Battle.net
- saver: angryperson
map: MarketSquare
- players: 8
- length: 46:54
- speed: Fast
- version: 1.26 W3XP
- replay type: Public
» download(250 KB)
Players
team 1 (winner)
TheOrY- (
yellow | 84 APM | 1831 actions | 21:53)
5 Blademaster
3 Critical Strike
2 Wind Walk
3 Shadow Hunter
1 Hex
2 Healing Wave
» actions
| Assign group hotkey | 27 | |
| Basic commands | 1 | |
| Build / train | 61 | |
| Enter build submenu | 17 | |
| Enter hero's abilities submenu | 8 | |
| Remove unit from queue | 1 | |
| Right click | 621 | |
| Select / deselect | 206 | |
| Select group hotkey | 824 | |
| Use ability | 65 | |
1831 total
» units
| Peon | 8 | |
| Grunt | 4 | |
| Shaman | 8 | |
| Tauren | 5 | |
| Frost Wyrm | 3 | |
28 total
» upgrades
| Armor | 1 | |
| Melee Weapons | 2 | |
| Shaman Training | 2 | |
| Pulverize | 1 | |
| Witch Doctor Training | 2 | |
| Reinforced Defenses | 1 | |
9 total
» buildings
| Orc Burrow | 6 | |
| Altar of Storms | 1 | |
| Barracks | 1 | |
| Voodoo Lounge | 1 | |
| War Mill | 1 | |
| Watch Tower | 2 | |
| Stronghold | 1 | |
| Spirit Lodge | 1 | |
| Fortress | 1 | |
| Tauren Totem | 2 | |
17 total
» build order
00:22 Orc Burrow
00:26 Orc Burrow
00:34 Altar of Storms
01:41 Barracks
02:08 Voodoo Lounge
02:26 Orc Burrow
03:03 War Mill
04:11 Orc Burrow
04:28 Watch Tower
04:47 Stronghold
05:44 Watch Tower
07:13 Spirit Lodge
07:48 Fortress
09:19 Orc Burrow
10:19 Tauren Totem
10:20 Tauren Totem
20:20 Orc Burrow
» items
| Healing Salve | 3 | |
| Boots of Speed | 1 | |
| Lesser Clarity Potion | 4 | |
| Scroll of Town Portal | 2 | |
| Orb of Lightning | 1 | |
11 total

»
while(1) (
pink | 55 APM | 992 actions | 18:01)
5 Dark Ranger
2 Black Arrow
3 Silence
3 Firelord
2 Incinerate
1 Soul Burn
» actions
| Assign group hotkey | 32 | |
| Build / train | 41 | |
| Enter build submenu | 16 | |
| Enter hero's abilities submenu | 8 | |
| Remove unit from queue | 2 | |
| Right click | 519 | |
| Select / deselect | 200 | |
| Select group hotkey | 148 | |
| Use ability | 26 | |
992 total
» units
| Acolyte | 9 | |
| Ghoul | 5 | |
| Gargoyle | 9 | |
| Frost Wyrm | 2 | |
25 total
» buildings
| Ziggurat | 9 | |
| Altar of Darkness | 1 | |
| Crypt | 2 | |
| Graveyard | 1 | |
| Nerubian Tower | 1 | |
| Halls of the Dead | 1 | |
| Black Citadel | 1 | |
| Sacrificial Pit | 1 | |
| Boneyard | 2 | |
19 total
» build order
00:53 Ziggurat
00:58 Altar of Darkness
01:01 Crypt
01:04 Crypt
01:25 Graveyard
01:37 Ziggurat
02:27 Ziggurat
02:49 Nerubian Tower
05:27 Halls of the Dead
07:48 Black Citadel
07:51 Ziggurat
07:57 Ziggurat
08:00 Ziggurat
08:03 Ziggurat
08:04 Ziggurat
08:06 Ziggurat
08:12 Sacrificial Pit
10:11 Boneyard
10:12 Boneyard
» items
angryperson (
orange | 61 APM | 2862 actions | 46:54)
10 Crypt Lord
3 Carrion Beetles
3 Spiked Carapace
3 Impale
1 Locust Swarm
» actions
| Assign group hotkey | 45 | |
| Basic commands | 46 | |
| Build / train | 149 | |
| Enter build submenu | 41 | |
| Enter hero's abilities submenu | 12 | |
| Give item / drop item | 3 | |
| Remove unit from queue | 12 | |
| Right click | 1237 | |
| Select / deselect | 608 | |
| Select group hotkey | 531 | |
| Use ability | 178 | |
2862 total
» units
| Acolyte | 20 | |
| Ghoul | 6 | |
| Crypt Fiend | 10 | |
| Obsidian Statue | 8 | |
| Meatwagon | 2 | |
| Abomination | 1 | |
| Gargoyle | 5 | |
52 total
» upgrades
| Cannibalize | 1 | |
| Creature Attack | 2 | |
| Creature Carapace | 3 | |
| Web | 1 | |
| Destroyer Form | 1 | |
| Disease Cloud | 1 | |
| Unholy Armor | 3 | |
| Unholy Strength | 3 | |
| Ghoul Frenzy | 1 | |
| Backpack | 1 | |
| Burrow | 1 | |
| Stone Form | 1 | |
| Exhume Corpses | 1 | |
| Banshee Training | 2 | |
| Necromancer Training | 2 | |
| Skeletal Mastery | 1 | |
| Skeletal Longevity | 1 | |
26 total
» buildings
| Altar of Darkness | 1 | |
| Ziggurat | 16 | |
| Crypt | 1 | |
| Graveyard | 2 | |
| Tomb of Relics | 2 | |
| Nerubian Tower | 1 | |
| Halls of the Dead | 6 | |
| Slaughterhouse | 2 | |
| Black Citadel | 4 | |
| Spirit Tower | 20 | |
| Necropolis | 1 | |
| Temple of the Damned | 2 | |
58 total
» build order
00:06 Altar of Darkness
00:07 Ziggurat
00:33 Crypt
01:01 Graveyard
01:24 Tomb of Relics
01:29 Nerubian Tower
02:11 Ziggurat
03:52 Halls of the Dead
03:53 Halls of the Dead
03:53 Halls of the Dead
04:07 Ziggurat
06:35 Slaughterhouse
06:37 Slaughterhouse
08:47 Black Citadel
08:47 Black Citadel
08:47 Black Citadel
10:42 Spirit Tower
12:41 Ziggurat
14:36 Ziggurat
15:11 Ziggurat
15:14 Ziggurat
15:56 Spirit Tower
16:02 Spirit Tower
16:17 Spirit Tower
18:26 Spirit Tower
18:27 Spirit Tower
18:29 Ziggurat
18:31 Ziggurat
18:38 Spirit Tower
19:41 Spirit Tower
19:42 Spirit Tower
19:43 Spirit Tower
19:52 Spirit Tower
19:53 Spirit Tower
20:34 Ziggurat
21:57 Spirit Tower
29:08 Ziggurat
29:09 Ziggurat
29:11 Ziggurat
30:00 Spirit Tower
30:04 Spirit Tower
30:05 Spirit Tower
31:40 Necropolis
34:12 Halls of the Dead
34:13 Ziggurat
34:14 Ziggurat
34:14 Ziggurat
35:09 Spirit Tower
35:10 Spirit Tower
35:11 Spirit Tower
35:36 Graveyard
36:13 Tomb of Relics
36:41 Temple of the Damned
36:43 Temple of the Damned
40:08 Black Citadel
» items
| Rod of Necromancy | 3 | |
| Scroll of Town Portal | 4 | |
| Potion of Healing | 3 | |
| Boots of Speed | 2 | |
| Orb of Corruption | 1 | |
| Sacrificial Skull | 1 | |
| Tome of Retraining | 1 | |
| Periapt of Vitality | 2 | |
| Scroll of Healing | 1 | |
18 total
preflopshove (
red | 24 APM | 688 actions | 28:42)
3 Priestess of the Moon
2 Trueshot Aura
1 Searing Arrows
2 Firelord
1 Soul Burn
1 Incinerate
» actions
| Assign group hotkey | 18 | |
| Build / train | 61 | |
| Enter build submenu | 20 | |
| Enter hero's abilities submenu | 5 | |
| Remove unit from queue | 2 | |
| Right click | 247 | |
| Select / deselect | 210 | |
| Select group hotkey | 96 | |
| Use ability | 29 | |
688 total
» units
| Wisp | 14 | |
| Archer | 3 | |
| Huntress | 8 | |
| Hippogryph | 11 | |
| Chimaera | 2 | |
| Frost Wyrm | 2 | |
40 total
» upgrades
| Strength of the Wild | 3 | |
| Reinforced Hides | 2 | |
| Hippogryph Taming | 0 | |
| Freezing Breath | 1 | |
| Creature Attack | 3 | |
| Creature Carapace | 2 | |
11 total
» buildings
| Altar of Elders | 1 | |
| Moon Well | 7 | |
| Ancient of War | 1 | |
| Hunter's Hall | 1 | |
| Ancient Protector | 4 | |
| Tree of Ages | 1 | |
| Ancient of Wind | 1 | |
| Tree of Eternity | 1 | |
| Chimaera Roost | 2 | |
19 total
» build order
00:08 Altar of Elders
00:12 Moon Well
00:45 Ancient of War
01:51 Moon Well
02:29 Hunter's Hall
02:42 Moon Well
03:44 Ancient Protector
03:55 Ancient Protector
05:13 Tree of Ages
06:33 Moon Well
07:47 Ancient of Wind
08:02 Ancient Protector
08:37 Tree of Eternity
09:17 Ancient Protector
11:11 Moon Well
11:15 Moon Well
11:28 Moon Well
13:03 Chimaera Roost
13:58 Chimaera Roost
team 2 (loser)

»
DudeYouSuck (
teal | 98 APM | 2899 actions | 29:30)
9 Tauren Chieftain
3 Shockwave
3 Endurance Aura
1 Reincarnation
2 War Stomp
» actions
| Assign group hotkey | 519 | |
| Basic commands | 160 | |
| Build / train | 81 | |
| Enter build submenu | 21 | |
| Enter hero's abilities submenu | 9 | |
| Give item / drop item | 2 | |
| Remove unit from queue | 4 | |
| Right click | 917 | |
| Select / deselect | 279 | |
| Select group hotkey | 757 | |
| Use ability | 150 | |
2899 total
» units
| Peon | 17 | |
| Troll Headhunter/Berserker | 15 | |
| Troll Witch Doctor | 6 | |
| Shaman | 3 | |
| Spirit Walker | 2 | |
43 total
» upgrades
| Ranged Weapons | 3 | |
| Armor | 2 | |
| Troll Regeneration | 1 | |
| Witch Doctor Training | 2 | |
| Berserker Upgrade | 1 | |
| Shaman Training | 2 | |
| Spirit Walker Training | 2 | |
| Reinforced Defenses | 1 | |
14 total
» buildings
| Orc Burrow | 8 | |
| War Mill | 1 | |
| Altar of Storms | 1 | |
| Watch Tower | 1 | |
| Voodoo Lounge | 1 | |
| Barracks | 1 | |
| Stronghold | 2 | |
| Great Hall | 3 | |
| Fortress | 1 | |
| Spirit Lodge | 3 | |
22 total
» build order
00:09 Orc Burrow
00:22 War Mill
00:45 Altar of Storms
01:17 Orc Burrow
01:51 Watch Tower
02:04 Voodoo Lounge
02:21 Barracks
02:46 Orc Burrow
03:56 Stronghold
06:44 Great Hall
06:46 Fortress
06:50 Spirit Lodge
07:52 Spirit Lodge
08:28 Spirit Lodge
08:33 Orc Burrow
09:32 Orc Burrow
10:53 Orc Burrow
12:34 Orc Burrow
13:47 Orc Burrow
15:10 Great Hall
25:00 Great Hall
» items
| Healing Salve | 1 | |
| Lesser Clarity Potion | 1 | |
| Orb of Lightning | 1 | |
| Potion of Mana | 1 | |
| Potion of Healing | 1 | |
| Scroll of Town Portal | 1 | |
| Potion of Lesser Invulnerability | 1 | |
7 total

»
Dr.venture (
purple | 56 APM | 1430 actions | 25:29)
6 Keeper of the Grove
2 Entangling Roots
1 Force of Nature
2 Thorns Aura
1 Tranquility
5 Priestess of the Moon
3 Trueshot Aura
2 Searing Arrows
» actions
| Assign group hotkey | 23 | |
| Build / train | 55 | |
| Enter build submenu | 17 | |
| Enter hero's abilities submenu | 12 | |
| Remove unit from queue | 1 | |
| Right click | 619 | |
| Select / deselect | 258 | |
| Select group hotkey | 392 | |
| Use ability | 53 | |
1430 total
» units
| Wisp | 12 | |
| Archer | 11 | |
| Hippogryph | 8 | |
31 total
» upgrades
| Moon Armor | 2 | |
| Hippogryph Taming | 1 | |
| Strength of the Moon | 1 | |
| Improved Bows | 1 | |
| Reinforced Hides | 0 | |
5 total
» buildings
| Altar of Elders | 1 | |
| Moon Well | 6 | |
| Ancient of War | 1 | |
| Ancient of Wonders | 1 | |
| Hunter's Hall | 1 | |
| Tree of Ages | 1 | |
| Ancient Protector | 2 | |
| Ancient of Wind | 2 | |
| Tree of Eternity | 1 | |
16 total
» build order
00:35 Altar of Elders
00:49 Moon Well
01:09 Ancient of War
01:21 Moon Well
01:25 Ancient of Wonders
02:20 Moon Well
03:22 Hunter's Hall
04:07 Tree of Ages
04:34 Ancient Protector
05:34 Moon Well
06:04 Ancient Protector
06:49 Ancient of Wind
07:44 Ancient of Wind
07:49 Moon Well
09:57 Moon Well
13:44 Tree of Eternity
» items
| Potion of Healing | 1 | |
| Scroll of Town Portal | 1 | |
| Potion of Lesser Invulnerability | 1 | |
3 total
im2ndur3rdatsc2 (
blue | 58 APM | 2719 actions | 46:53)
9 Archmage
3 Summon Water Elemental
3 Brilliance Aura
1 Mass Teleport
2 Blizzard
» actions
| Assign group hotkey | 43 | |
| Basic commands | 234 | |
| Build / train | 82 | |
| Enter build submenu | 27 | |
| Enter hero's abilities submenu | 9 | |
| Give item / drop item | 3 | |
| Remove unit from queue | 1 | |
| Right click | 1267 | |
| Select / deselect | 277 | |
| Select group hotkey | 654 | |
| Use ability | 122 | |
2719 total
» units
| Peasant | 19 | |
| Footman | 5 | |
| Knight | 2 | |
| Gryphon Rider | 10 | |
36 total
» upgrades
| Lumber Harvesting | 2 | |
| Masonry | 3 | |
| Swords | 2 | |
| Armor | 1 | |
| Animal War Training | 1 | |
| Storm Hammers | 1 | |
10 total
» buildings
| Altar of Kings | 1 | |
| Barracks | 1 | |
| Farm | 14 | |
| Scout Tower | 28 | |
| Arcane Tower | 1 | |
| Arcane Vault | 1 | |
| Keep | 1 | |
| Lumber Mill | 1 | |
| Blacksmith | 1 | |
| Castle | 1 | |
| Gryphon Aviary | 3 | |
| Guard Tower | 14 | |
| Town Hall | 2 | |
69 total
» build order
00:13 Altar of Kings
00:24 Barracks
00:37 Farm
00:53 Farm
01:38 Farm
01:43 Scout Tower
02:10 Arcane Tower
02:20 Arcane Vault
03:30 Keep
04:18 Lumber Mill
04:26 Farm
04:27 Farm
04:28 Farm
06:37 Blacksmith
06:45 Castle
06:52 Gryphon Aviary
06:53 Gryphon Aviary
06:59 Scout Tower
07:00 Scout Tower
07:00 Scout Tower
07:01 Scout Tower
07:02 Scout Tower
07:03 Scout Tower
08:21 Guard Tower
08:49 Guard Tower
08:49 Guard Tower
09:56 Town Hall
09:59 Scout Tower
10:00 Scout Tower
10:02 Scout Tower
10:11 Guard Tower
10:11 Guard Tower
10:52 Guard Tower
10:52 Guard Tower
11:10 Farm
11:10 Farm
11:11 Farm
12:49 Guard Tower
13:26 Scout Tower
13:27 Scout Tower
14:16 Farm
14:18 Farm
14:18 Farm
14:19 Farm
14:20 Farm
14:58 Guard Tower
15:03 Scout Tower
15:03 Scout Tower
15:04 Scout Tower
15:04 Scout Tower
15:04 Scout Tower
15:05 Scout Tower
15:06 Scout Tower
15:06 Scout Tower
15:09 Scout Tower
15:09 Scout Tower
15:10 Scout Tower
16:26 Guard Tower
17:37 Guard Tower
18:00 Scout Tower
18:00 Scout Tower
18:01 Scout Tower
18:01 Scout Tower
18:02 Scout Tower
18:43 Gryphon Aviary
19:03 Guard Tower
19:04 Guard Tower
19:26 Guard Tower
19:46 Town Hall
» items
| Scroll of Regeneration | 2 | |
| Staff of Teleportation | 1 | |
| Potion of Lesser Invulnerability | 1 | |
| Scroll of Town Portal | 2 | |
6 total

»
father_time23 (
green | 28 APM | 1101 actions | 39:25)
6 Paladin
3 Holy Light
2 Devotion Aura
1 Resurrection
» actions
| Assign group hotkey | 10 | |
| Basic commands | 16 | |
| Build / train | 77 | |
| Enter build submenu | 32 | |
| Enter hero's abilities submenu | 6 | |
| Give item / drop item | 1 | |
| Remove unit from queue | 2 | |
| Right click | 457 | |
| Select / deselect | 400 | |
| Select group hotkey | 22 | |
| Use ability | 78 | |
1101 total
» units
| Peasant | 10 | |
| Footman | 7 | |
| Knight | 6 | |
| Priest | 6 | |
| Dragonhawk Rider | 9 | |
38 total
» upgrades
| Defend | 1 | |
| Masonry | 3 | |
| Lumber Harvesting | 2 | |
| Swords | 3 | |
| Plating | 3 | |
| Animal War Training | 1 | |
| Priest Training | 2 | |
| Magic Sentry | 1 | |
| Gunpowder | 1 | |
17 total
» buildings
| Altar of Kings | 1 | |
| Farm | 13 | |
| Barracks | 2 | |
| Arcane Vault | 1 | |
| Scout Tower | 8 | |
| Lumber Mill | 2 | |
| Arcane Tower | 2 | |
| Guard Tower | 3 | |
| Keep | 1 | |
| Blacksmith | 1 | |
| Castle | 1 | |
| Arcane Sanctum | 2 | |
| Town Hall | 1 | |
| Workshop | 1 | |
| Gryphon Aviary | 2 | |
41 total
» build order
00:12 Altar of Kings
00:17 Farm
00:57 Farm
01:30 Barracks
01:43 Farm
02:33 Arcane Vault
02:51 Farm
02:57 Farm
03:00 Farm
03:22 Barracks
03:35 Scout Tower
03:39 Scout Tower
03:43 Farm
04:13 Lumber Mill
04:18 Lumber Mill
04:59 Farm
05:02 Farm
05:06 Scout Tower
05:11 Arcane Tower
05:46 Guard Tower
06:01 Keep
06:47 Blacksmith
09:21 Castle
10:59 Farm
12:03 Farm
12:04 Farm
12:05 Farm
12:17 Arcane Sanctum
12:21 Arcane Sanctum
14:08 Scout Tower
14:10 Scout Tower
14:11 Scout Tower
14:12 Scout Tower
15:29 Guard Tower
18:30 Town Hall
18:34 Guard Tower
25:40 Workshop
26:13 Gryphon Aviary
26:16 Gryphon Aviary
32:55 Scout Tower
33:24 Arcane Tower
» items
| Periapt of Vitality | 2 | |
| Scroll of Town Portal | 2 | |
| Lesser Clarity Potion | 1 | |
| Orb of Fire | 1 | |
6 total
Chat log
(00:34 / Allies) while(1): frost
(00:36 / Allies) while(1): garg
(00:49 / Allies) preflopshove: hunts to chims
(08:07 / Allies) TheOrY-: hipporaider for purple
(08:37 / All) DudeYouSuck: bleu has map ahck
(08:41 / All) DudeYouSuck: HOW FUCKIN SAD
(08:44 / All) angryperson: LOL
(08:53 / All) angryperson: what a faggot
(08:55 / All) angryperson: maphacking trash
(08:58 / All) DudeYouSuck: i agree
(09:40 / All) DudeYouSuck: yes blue we suck?
(09:44 / All) DudeYouSuck: cause we dont have map hack?
(09:54 / All) DudeYouSuck: he took mask of death for his am lol
(10:05 / All) DudeYouSuck: casue my tc doesnt use it better?
(10:13 / All) angryperson: it's a bm item or am item
(10:14 / All) angryperson: not a tc item
(10:21 / All) DudeYouSuck: lmao
(10:22 / All) angryperson: tc first sucks
(10:24 / All) angryperson: ass
(10:39 / All) DudeYouSuck: yekllwow
(10:42 / All) DudeYouSuck: BLEU HAS MAP HACK
(10:46 / All) DudeYouSuck: WHY WOUDL U CREEP THERE?
(11:05 / All) TheOrY-: nice maphack
(11:14 / All) Dr.venture: i can see u from base idiot
(11:16 / All) DudeYouSuck: no shit been tellin u lue has it
(11:19 / Allies) TheOrY-: ya
(11:34 / All) TheOrY-: you also can seen both exp from undead too coz mh
(11:49 / All) Dr.venture: well the mid one we saw aco going to it
(11:54 / All) Dr.venture: pay attn
(11:58 / All) TheOrY-: whatever
(12:01 / All) angryperson: that cou;d have meant you denied it
(12:06 / All) angryperson: maphacker
(12:47 / All) DudeYouSuck: LMAO YELLWO
(12:49 / All) DudeYouSuck: WE HAVE HACK
(12:52 / All) TheOrY-: wow
(12:53 / All) DudeYouSuck: WHY ARE U EVEN STAYING?
(12:55 / All) TheOrY-: second mh
(13:01 / All) father_time23: fuck off
(13:01 / All) angryperson: their whole team is mh
(13:04 / All) TheOrY-: ya
(13:05 / All) father_time23: not mh
(13:09 / All) TheOrY-: coming and killing
(13:11 / All) father_time23: not me anyway
(13:15 / All) DudeYouSuck: bleu has
(13:16 / All) Dr.venture: me niether
(13:19 / Allies) while(1): gogoog
(13:21 / Allies) while(1): oj
(13:32 / Allies) angryperson: hit bot left
(13:40 / Allies) angryperson: expos don't matter
(13:46 / All) TheOrY-: you guys should win
(13:49 / All) TheOrY-: wont lost
(14:11 / Allies) while(1): hit dude with massive towers?
(14:42 / Allies) while(1): main
(14:43 / All) angryperson: mhing scum
(14:55 / All) DudeYouSuck: DONT TP IDIOT
(15:18 / Allies) TheOrY-: purple had stone
(15:24 / Allies) while(1): go next
(15:29 / Allies) TheOrY-: tp?
(15:33 / Allies) while(1): tp
(15:40 / Allies) preflopshove: yeh
(15:40 / Allies) while(1): tp
(16:37 / Allies) while(1): basc
(16:42 / Allies) while(1): oj
(17:17 / Allies) while(1): use spider
(17:21 / Allies) angryperson: i am idiot
(17:30 / Allies) while(1): aganst AIR moron
(17:38 / Allies) while(1): fucking IDIOT
(17:39 / Allies) while(1): web
(17:44 / Allies) angryperson: I can't afford to lose my hero
(17:54 / Allies) TheOrY-: fucking use gold
(17:57 / Allies) TheOrY-: you had 3k
(17:58 / Allies) while(1): wow noob
(17:59 / Allies) angryperson: I have no wood
(18:04 / All) DudeYouSuck: lmao
(18:06 / All) Dr.venture: GG
(18:08 / All) DudeYouSuck: bleu u fuckin suck dude
(18:09 / All) angryperson: fucking maphack trash
(18:23 / All) DudeYouSuck: u see why he needs it
(18:29 / All) Dr.venture: ya he did fuck all
(18:29 / All) DudeYouSuck: hes fuckin garbage
(21:09 / Allies) angryperson: tp
(23:13 / All) angryperson: moron green lol
(23:59 / All) angryperson: blue is backstabbing
(23:59 / All) angryperson: pro
(24:05 / All) Dr.venture: mh and tk
(24:07 / All) angryperson: you suck teal
(24:12 / All) im2ndur3rdatsc2: raped myteam lawl
(24:15 / All) angryperson: trash that lost to someone who is "trash"
(24:16 / All) DudeYouSuck: U RAPOED NOTHIGN
(24:18 / All) angryperson: lmfao scrub
(24:21 / All) DudeYouSuck: NO ONES EVEN FIGHTING U IDIOT
(24:22 / All) im2ndur3rdatsc2: go green
(24:23 / All) angryperson: except your army and team and this game
(24:29 / All) DudeYouSuck: WHOS FIGHTING U?
(24:32 / All) DudeYouSuck: IM AYATCKIN ENEMY
(24:36 / All) angryperson: are you angry or just pissed
(24:44 / All) DudeYouSuck: U SO FUCKIN DUMB U THINK KILLIN MY SHIT WHILE I FIGHT IS RAPE?
(24:45 / All) DudeYouSuck: LOL
(24:50 / All) angryperson: ya i do
(25:05 / All) DudeYouSuck: well im goin to eat
(25:08 / All) DudeYouSuck: bye now
(25:11 / All) angryperson: cyu
(25:15 / All) DudeYouSuck: green u haev control
(25:34 / All) im2ndur3rdatsc2: teal got raped lalw
(25:50 / All) angryperson: FYI blue and I were in this together the whole game BTW
(25:52 / All) angryperson: you stood no chance
(25:55 / All) angryperson: He is my friend
(27:08 / All) im2ndur3rdatsc2: teal is pissed
(27:10 / All) im2ndur3rdatsc2: i can tell
(27:14 / All) angryperson: He sounds unable to talk earlier
(27:17 / All) angryperson: It's ok to cry teal
(27:27 / All) im2ndur3rdatsc2: he got mad i took his mask of death
(27:36 / All) DudeYouSuck: i play for fun not wins
(27:38 / All) DudeYouSuck: so im afk
(27:45 / All) im2ndur3rdatsc2: regardless teal, u got owned
(27:45 / All) DudeYouSuck: have fun with your jerkin each other off
(27:50 / All) angryperson: i will
(27:50 / Allies) preflopshove: wtf yo
(27:54 / All) DudeYouSuck: i know u 2 are teh same guys on every night
(27:55 / Allies) angryperson: you can do so by yourself
(27:58 / All) DudeYouSuck: never got owned blue
(28:01 / All) DudeYouSuck: im atyatckin enemy
(28:08 / All) DudeYouSuck: if u think owninga guy when hes fiughting enemy?
(28:13 / All) DudeYouSuck: u are really the dumbest fuck
(28:23 / All) im2ndur3rdatsc2: teal just leave
(28:25 / All) DudeYouSuck: last nitght oraneg and bleu had names COCKSMOKER AND COCKSUCKER
(28:25 / All) im2ndur3rdatsc2: u got embarassed
(28:26 / All) DudeYouSuck: LOL
(28:27 / All) im2ndur3rdatsc2: i have pride
(28:32 / All) DudeYouSuck: u have shit dude
(28:41 / All) DudeYouSuck: u bsed lol and says PRIDE!!! LOL
(28:44 / All) DudeYouSuck: AFK HAVE FUN
(28:47 / All) angryperson: cyu
(28:50 / All) angryperson: go masturbate in private
(28:52 / All) angryperson: we will together
(29:33 / All) angryperson: bye
(30:38 / All) angryperson: aerial shackle
(30:39 / All) angryperson: cute
(31:02 / All) angryperson: trying to get my crypt lord?
(31:04 / All) angryperson: spiked shell brah
(31:06 / All) angryperson: just leave son
(31:08 / All) angryperson: and kill yourself
(31:12 / All) angryperson: you are a disgrace to the gene pool
(31:19 / All) im2ndur3rdatsc2: green hasn't said one word has he
(31:21 / All) angryperson: father_time23
(31:25 / All) angryperson: touched by him
(31:55 / All) angryperson: Carrion beetle is so good for creeping
(32:04 / All) angryperson: Sucks for lategame 4v4 though it's good lategame 1v1
(32:08 / All) im2ndur3rdatsc2: yes it is
(32:09 / All) angryperson: I switched it for impale with a tome
(33:04 / All) angryperson: We raped this game up Flamechamp
(33:13 / All) angryperson: green is still here, he must be so pissed and want the win bad
(34:12 / All) im2ndur3rdatsc2: atta boy
(34:17 / All) im2ndur3rdatsc2: this game, i am glad we played
(34:21 / All) angryperson: Level 10 crypt lord is insane
(34:34 / All) im2ndur3rdatsc2: gonna help me totally forget and wash out of my memory that game on cherryville
(34:39 / All) angryperson: lulz
(34:42 / All) angryperson: Not every game can be a winner
(34:53 / All) im2ndur3rdatsc2: true, i am a bad loser
(34:58 / All) im2ndur3rdatsc2: dratsba was same way
(35:01 / All) angryperson: I am too tbh
(35:07 / All) angryperson: A good loss is fun though
(35:25 / All) angryperson: I just like shitty losses, if they did something particularly pro it's fun
(35:31 / All) im2ndur3rdatsc2: wha titems u got
(35:52 / All) angryperson: Claws +6 Hp pendant from shop amulet of evasion orb of corruption boots of speed
(36:10 / All) im2ndur3rdatsc2: lets hav ehero duel am vs cl
(36:18 / All) angryperson: Ok 1 sec
(36:21 / All) im2ndur3rdatsc2: let me creep bot right first
(36:30 / All) angryperson: Bot right was creeped by pink
(36:37 / All) im2ndur3rdatsc2: peasants in middle
(36:53 / All) angryperson: Sec, buying scroll for full hp cl
(37:11 / All) angryperson: Omw to middle
(37:18 / All) angryperson: For the duel after peasants die
(37:57 / All) angryperson: 0 Hp being lost
(38:06 / All) angryperson: CL regen and armour is so good
(38:22 / All) angryperson: 3 of pink's last units in the middle, aco and a ghoul
(38:35 / All) angryperson: Sending 1 wyrm he and I forgot about too
(38:38 / All) im2ndur3rdatsc2: coming
(38:48 / All) angryperson: I can make beetles for your lvl 10
(39:08 / All) im2ndur3rdatsc2: letting dogs in
(39:12 / All) angryperson: K no rush
(39:45 / All) angryperson: He was still here? If he wasn't AFK, poor Father, for he was not blessed by thee
(40:44 / All) im2ndur3rdatsc2: green really wants the win
(40:47 / All) angryperson: He left
(40:48 / All) im2ndur3rdatsc2: oh he left
(40:56 / All) angryperson: Just a second ago while you were letting the dogs in
(41:02 / All) im2ndur3rdatsc2: i need fountain
(41:11 / All) angryperson: They're not attacking
(41:25 / All) im2ndur3rdatsc2: need lvl ten move
(41:26 / All) im2ndur3rdatsc2: move
(41:36 / All) angryperson: Enemy hero affects XP too?
(41:50 / All) im2ndur3rdatsc2: xp?
(42:10 / All) im2ndur3rdatsc2: ok we'll hvh level 9 duel
(42:21 / All) im2ndur3rdatsc2: ok move
(43:11 / All) im2ndur3rdatsc2: swarm spell hruts
(43:19 / All) angryperson: Carrion swarm is so good
(43:23 / All) angryperson: makes CL basically invulnerable
(43:31 / All) angryperson: I'm taking very little damage
(43:53 / All) angryperson: Healing yourself running around like a nigger
(44:10 / All) im2ndur3rdatsc2: u have 2x as much hp as me
(44:18 / All) angryperson: 2 periapts of vitality too
(45:28 / All) angryperson: Raped
(45:30 / All) im2ndur3rdatsc2: wow good impale
(45:32 / All) angryperson: Just barely
(45:35 / All) angryperson: Thanks
(45:47 / All) im2ndur3rdatsc2: i will stats my team
(45:51 / All) angryperson: I knew you'd buy invis invul or scroll of healing
(45:59 / All) angryperson: Level 10 CL now, never see that
(46:02 / All) angryperson: My favourite hero
(46:12 / All) im2ndur3rdatsc2: purple 292-278
(46:22 / All) im2ndur3rdatsc2: teal 37-33
(46:23 / All) angryperson: Yellow is 143-138 W/L
(46:31 / All) angryperson: Pink is 711-745 W/L
(46:38 / All) angryperson: Red is 60-68 W/L
(46:46 / All) im2ndur3rdatsc2: my team loses k? i will leave
(46:49 / All) angryperson: K
(46:50 / All) angryperson: Well done